AoeStats
← Nopec

MegaRandom

506094394Analyzed
4v4 RM · 21d ago on Sep 12, 2026· 60m 54s· 8 players
Game mode
Random Map
Map size
Large (8 player)
Population
200
Speed
Normal
Resources
Standard
Victory
Conquest
Starting age
Dark Age
Ending age
Imperial Age
RankedLock teamsTeams togetherTeam positionsShared explorationLock speedFull tech treeHidden civsTurbo modeCheats
Victory
Defeat
🇪🇸 Sicilians · Spain
786
+17
🇹🇷 Burmese · Türkiye
736
+19
🇦🇺 Tatars · Australia
667
+22
🇹🇷 Poles · Türkiye
465
+28
🇵🇱 Lithuanians · Poland
842
-22
🇩🇪 Japanese · Germany
811
-22
🇨🇱 Georgians · Chile
794
-22
🇬🇧 Saracens · United Kingdom
750
-20
Tribamell
0:45 Loom
11:22 Feudal Age
12:17 Horse Collar
12:24 Double-Bit Axe
21:15 Wheelbarrow
23:13 Gold Mining
23:15 Stone Mining
25:33 Castle Age
25:00 Forging
24:51 Scale Mail Armor
24:41 Fletching
27:42 Stone Shaft Mining
27:44 Gold Shaft Mining
27:23 Bow Saw
28:43 Caravan
29:51 Hand Cart
29:21 Loom
29:22 Town Watch
30:17 Iron Casting
29:57 Chain Mail Armor
29:38 Bodkin Arrow
30:22 Arson
30:38 Squires
30:23 Gambesons
33:21 Town Patrol
37:41 Imperial Age
40:55 Elite Serjeant
41:56 Conscription
41:00 Pikeman
42:42 Blast Furnace
42:12 Plate Mail Armor
41:43 Bracer
42:48 Chemistry
41:33 Arrowslits
41:44 Murder Holes
42:10 Ballistics
42:01 Masonry
43:30 Halberdier
46:08 Capped Ram
46:58 Man-at-Arms
48:56 Siege Ram
Madness
7:17 Loom
9:43 Feudal Age
17:57 Castle Age
20:53 Gold Mining
22:27 Wheelbarrow
22:42 Gold Shaft Mining
21:57 Stone Mining
25:03 Horse Collar
26:57 Town Watch
29:49 Hand Cart
30:46 Caravan
32:45 Heavy Plow
34:54 Manipur Cavalry
36:50 Scale Barding Armor
42:16 Husbandry
42:27 Bloodlines
50:44 Elite Skirmisher
53:51 Masonry
56:52 Imperial Age
54:25 Town Patrol
54:49 Chain Barding Armor
54:42 Forging
54:33 Scale Mail Armor
56:01 Husbandry
56:11 Bloodlines
57:40 Howdah
58:06 Conscription
李靖
0:34 Loom
9:37 Feudal Age
14:37 Castle Age
12:46 Double-Bit Axe
12:44 Horse Collar
16:01 Heavy Plow
16:14 Bow Saw
22:34 Wheelbarrow
21:45 Town Watch
25:30 Hand Cart
25:21 Gold Mining
25:21 Stone Mining
25:22 Gold Mining
25:22 Stone Mining
29:55 Imperial Age
28:59 Town Patrol
30:17 Stone Shaft Mining
30:19 Szlachta Privileges
29:37 Light Cavalry
30:28 Bloodlines
30:18 Husbandry
31:03 Lechitic Legacy
31:04 Conscription
30:46 Winged Hussar
30:46 Cavalier
31:29 Capped Ram
32:22 Forging
32:18 Scale Barding Armor
34:10 Chain Barding Armor
34:26 Iron Casting
33:17 Siege Ram
37:23 Crop Rotation
45:19 Blast Furnace
44:09 Fletching
44:20 Scale Mail Armor
44:21 Padded Archer Armor
45:33 Onager
48:36 Bodkin Arrow
48:57 Chain Mail Armor
48:57 Leather Archer Armor
48:24 Treadmill Crane
48:35 Elite Obuch
51:16 Plate Mail Armor
50:47 Bracer
53:16 Hoardings
59:16 Pikeman
59:57 Squires
59:43 Arson
Good Knight
8:29 Feudal Age
7:13 Loom
9:59 Wheelbarrow
9:13 Town Watch
11:09 Double-Bit Axe
11:06 Horse Collar
19:33 Castle Age
19:38 Stone Mining
20:17 Husbandry
21:08 Gold Mining
21:38 Hand Cart
23:10 Gold Shaft Mining
24:09 Forging
24:20 Heavy Plow
26:08 Bow Saw
30:59 Imperial Age
30:26 Silk Armor
31:12 Iron Casting
30:43 Scale Barding Armor
33:24 Blast Furnace
32:26 Caravan
33:01 Crop Rotation
33:34 Conscription
33:37 Elite Keshik
35:33 Bloodlines
36:04 Siege Engineers
36:20 Ballistics
35:42 Treadmill Crane
35:59 Murder Holes
37:29 Town Patrol
37:51 Timurid Siegecraft
40:40 Chemistry
40:01 Fortified Wall
40:04 Masonry
40:46 Chain Barding Armor
46:07 Plate Barding Armor
47:59 Heavy Cavalry Archer
Nopec
7:04 Loom
10:37 Feudal Age
12:35 Double-Bit Axe
12:34 Horse Collar
17:12 Wheelbarrow
20:50 Castle Age
19:05 Stone Mining
19:05 Gold Mining
22:07 Bow Saw
21:59 Heavy Plow
22:59 Town Watch
24:43 Hand Cart
25:18 Caravan
25:57 Squires
25:42 Arson
32:18 Imperial Age
32:34 Imperial Age
32:00 Forging
31:50 Scale Mail Armor
33:11 Yasama
34:03 Ballistics
34:44 Chemistry
34:28 Fletching
34:49 Guard Tower
35:27 Arrowslits
35:38 Murder Holes
36:36 Chain Mail Armor
36:56 Iron Casting
36:45 Masonry
37:10 Bodkin Arrow
37:31 Town Patrol
38:34 Two-Man Saw
37:59 Conscription
37:59 Kataparuto
37:58 Bracer
39:36 Keep
40:52 Plate Mail Armor
40:57 Iron Casting
40:29 Elite Samurai
40:47 Pikeman
42:02 Siege Engineers
45:47 Halberdier
Juan Carlos Bodoque
0:45 Loom
10:54 Feudal Age
11:30 Town Watch
11:35 Horse Collar
11:45 Double-Bit Axe
15:17 Wheelbarrow
14:51 Gold Mining
14:55 Stone Mining
20:31 Castle Age
20:15 Forging
20:11 Scale Barding Armor
21:16 Bloodlines
21:13 Town Patrol
21:50 Bow Saw
24:37 Iron Casting
24:23 Chain Barding Armor
25:53 Heavy Plow
26:31 Stone Shaft Mining
27:02 Hand Cart
26:53 Husbandry
33:15 Caravan
37:26 Imperial Age
35:07 Fletching
37:30 Bodkin Arrow
37:53 Cavalier
38:57 Scale Mail Armor
44:47 Aznauri Cavalry
44:53 Scale Mail Armor
50:50 Elite Monaspa
56:08 Conscription
Obsessive
0:40 Loom
11:00 Feudal Age
14:31 Double-Bit Axe
17:39 Castle Age
17:08 Gold Mining
17:35 Horse Collar
22:47 Wheelbarrow
21:58 Town Watch
22:25 Bow Saw
22:27 Heavy Plow
22:34 Stone Mining
23:26 Masonry
26:33 Hand Cart
26:08 Arson
26:24 Squires
27:42 Husbandry
27:55 Bloodlines
29:24 Stone Shaft Mining
32:10 Imperial Age
32:48 Cavalier
33:37 Scale Barding Armor
33:42 Forging
33:34 Scale Mail Armor
34:09 Architecture
35:46 Two-Man Saw
35:19 Crop Rotation
35:22 Chain Barding Armor
34:57 Paladin
36:23 Chain Mail Armor
36:37 Pikeman
37:55 Halberdier
39:57 Iron Casting
39:58 Plate Barding Armor
38:59 Light Cavalry
41:10 Winged Hussar
51:02 Conscription
50:12 Elite Leitis
| Hooligan |
1:40 Loom
9:24 Feudal Age
16:52 Castle Age
15:38 Horse Collar
15:49 Double-Bit Axe
18:55 Wheelbarrow
18:58 Bloodlines
20:23 Forging
23:25 Heavy Plow
27:11 Husbandry
28:27 Iron Casting
32:36 Imperial Age
31:34 Hand Cart
36:45 Blast Furnace
35:19 Elite Mameluke
39:58 Bimaristan
45:01 Padded Archer Armor
Connection lost

Rejoining the realm…

Still unreachable

The connection could not be restored.

Session expired

The server has moved on; the page needs a fresh start.